Unix NetHack Version 5.0.0-0 post-release - last build May 17 2026 04:57:42 (dc50c8380fa5e20985bfe3072449f57b8d9895ef,branch:main).

Game began 2026-05-17 01:43:46, ended 2026-05-17 05:48:38.

ArrBianca, lawful female human Knight

                                   --
                                   |.
                           -- --   |..
              --  --      --.... ---...-   -------
              |.........................----..--.---
               -........................(.....%....----
               |..........................--....).....|
               ----...........      --  -..%u@......|
                  -...                  --..G.......|
                                         -..)....%..|
                                        -........--.|
                                       .........-- --
                                     ............
                                   -...--.......-
                                  -h..  -......--
                                 |...   ........
                                 |..  ..........
                                 --- .......|....
                                    ---.--.---.--
                                      -- --- ---
ArrBianca the Esquire    St:16 Dx:10 Co:11 In:7 Wi:15 Ch:17  Lawful
Dlvl:3  $:13 HP:0(27) Pw:22(22) AC:3  Xp:3 T:1196 

Latest messages:
 What do you want to drink? [n or ?*] ?
 n - a ruby potion.
 What do you want to drink? [n or ?*] <esc>
 Never mind.
 You see here 5 daggers.
 There is a branch staircase up to the Dungeons of Doom here.  You see here a dagger.
 You kill the gnome!
 You see here a blue gem.
 There is a branch staircase up to the Dungeons of Doom here.  You see here a dagger.
 The gnome lord picks up an arrow.
 You see here a blue gem.  The gnome hits!  The gnome lord picks up 4 cursed daggers.
 You miss the gnome.  The gnome lord picks up a red gem.
 You kill the gnome!
 Horse picks up a gnome corpse.
 The gnome lord wields 4 cursed daggers!  The daggers weld themselves to the gnome lord's hand!
 The gnome lord picks up 5 daggers.
 The gnome lord picks up a dagger.
 Horse misses the gnome lord.  Horse misses the gnome lord.
 Really save? [yn] (n) y
 Saving...
 Restoring save file...
 Salutations ArrBianca, the human Knight, welcome back to NetHack!
 Be careful!  New moon tonight.
 Horse hits the gnome lord.
 Horse bites the gnome lord.
 The gnome lord thrusts one of his daggers at Horse.
 The gnome lord hits Horse.
 The gnome lord thrusts one of his daggers.
 The gnome lord hits!
 You hit the gnome lord.
 The gnome lord thrusts one of his daggers.
 The gnome lord misses!
 You hit the gnome lord!
 The gnome lord escapes upstairs!
 You see here a blue gem.
 Horse drops a gnome corpse.
 You see here a gnome corpse.
 The gnome picks up a blue gem.
 The gnome picks up a dwarvish cloak.
 You miss the gnome.
 You kill the gnome!
 The gnome hits!
 You die...
 Do you want an account of creatures vanquished? [ynaq] (y) q

Inventory:
 Coins    ('$')
  $ - 13 gold pieces
 Weapons  (')')
  k - a cursed +0 elven short sword
  a - a corroded +1 long sword (weapon in right hand)
  b - a +1 lance (alternate weapon; not wielded)
 Armor    ('[')
  d - an uncursed +0 helmet (being worn)
  f - an uncursed +0 pair of leather gloves (being worn)
  e - an uncursed +0 small shield (being worn)
  c - an uncursed +1 ring mail (being worn)
 Comestibles  ('%')
  g - 11 uncursed apples
  h - 11 uncursed carrots
  q - a cursed food ration
  p - 2 cursed fortune cookies
  o - 2 uncursed lembas wafers
  i - an uncursed lichen corpse
 Scrolls  ('?')
  m - an uncursed scroll of amnesia
 Potions  ('!')
  n - an uncursed potion of restore ability
 Wands    ('/')
  l - a wand of light (0:13)

ArrBianca the Knight's attributes:

Background:
 You were an Esquire, a level 3 female human Knight.
 You were lawful, nominally on a mission for Lugh
 who was opposed by Brigit (neutral) and Manannan Mac Lir (chaotic).
 You were right-handed.
 You were in the Gnomish Mines, on level 3.
 You entered the dungeon 1196 turns ago.
 It was nighttime.
 There was a new moon in effect when your adventure ended.
 You had 72 experience points, 8 more were needed to attain level 4.

Basics:
 You had 0 out of 27 hit points.
 You had all 22 energy points (spell power).
 Your armor class was 3.
 Your wallet contained 13 zorkmids.
 Autopickup was on for '$?!/="+%' plus thrown, with exceptions.

Final Characteristics:
 Your strength was 16 (limit:18/100).
 Your dexterity was 10 (limit:18).
 Your constitution was 11 (limit:18).
 Your intelligence was 7 (limit:18).
 Your wisdom was 15 (limit:18).
 Your charisma was 17 (limit:18).

Final Status:
 You weren't hungry.
 You were unencumbered.
 You were wielding a long sword.
 You had basic skill with long sword.

Final Attributes:
 You were devoutly aligned.
 You could jump.
 You were warded.
 You are dead.

Miscellaneous:
 You didn't encounter any bones levels.
 Total elapsed playing time was 16 minutes and 1 second.

Major events:
 Turn
    1: ArrBianca the lawful female human Knight entered the dungeon
  978: entered the Gnomish Mines
  999: attained the rank of Esquire (level 3)
 1196: killed by a gnome

You didn't know any spells.

Skills:
 Fighting Skills
   bare handed combat [Unskilled]
   two weapon combat  [Unskilled]
   riding             [Basic]
 Weapon Skills
   dagger             [Unskilled]
   knife              [Unskilled]
   axe                [Unskilled]
   pick-axe           [Unskilled]
   short sword        [Unskilled]
   broadsword         [Unskilled]
   long sword         [Basic]
   two-handed sword   [Unskilled]
   saber              [Unskilled]
   club               [Unskilled]
   mace               [Unskilled]
   morning star       [Unskilled]
   flail              [Unskilled]
   hammer             [Unskilled]
   polearms           [Unskilled]
   spear              [Unskilled]
   trident            [Unskilled]
   lance              [Basic]
   bow                [Unskilled]
   crossbow           [Unskilled]
 Spellcasting Skills
   attack spells      [Unskilled]
   healing spells     [Unskilled]
   clerical spells    [Unskilled]

Voluntary challenges:
 Character rerolling was not enabled.
 You were an atheist.
 You never genocided any monsters.
 You never polymorphed an object.
 You never changed form.
 You used no wishes.
Achievements:
 You entered a shop.
 You entered the Gnomish Mines.
 You attained the rank of Esquire.

 The Dungeons of Doom: levels 1 to 2
    Level 1:
       A fountain.
    Level 2:
       An armor shop.
       Stairs down to The Gnomish Mines.
 The Gnomish Mines:
    Level 3: <- You were here.
       Final resting place for
          you, killed by a gnome.


Vanquished creatures:
  a dwarf
 an acid blob
  2 giant rats
  7 gnomes
  5 jackals
  2 goblins
  3 grid bugs
  3 lichens
  a newt
25 creatures vanquished.

No species were genocided or became extinct.

Game over:
                       ----------
                      /          \
                     /    REST    \
                    /      IN      \
                   /     PEACE      \
                  /                  \
                  |    ArrBianca     |
                  |      13 Au       |
                  |   killed by a    |
                  |      gnome       |
                  |                  |
                  |                  |
                  |       2026       |
                 *|     *  *  *      | *
        _________)/\\_//(\/(/\)/\//\/|_)_______

Fare thee well ArrBianca the Knight...

You died in The Gnomish Mines on dungeon level 3 with 410 points,
and 13 pieces of gold, after 1196 moves.
You were level 3 with a maximum of 27 hit points when you died.

